 Dungeon Crawl Stone Soup version 0.29.1-15-g9cfb28693d (webtiles) character file.

Game seed: 2884521747461185957

15258 ReaperWolf26 the Protected (level 11, -7/84 HPs)
             Began as a Demonspawn Fighter on Feb 22, 2023.
             Was an Elder of Trog.
             Mangled by a fire elemental (12 damage)
             ... led by Azrael
             ... on level 12 of the Dungeon on Feb 23, 2023.
             The game lasted 02:16:37 (16939 turns).

ReaperWolf26 the Protected (Demonspawn Fighter)    Turns: 16939, Time: 02:16:38

Health: -7/84      AC: 26    Str: 16    XL:     11   Next: 99%
Magic:  11/11      EV:  6    Int: 13    God:    Trog [****..]
Gold:   908        SH:  6    Dex: 14    Spells: 10/10 levels left

rFire   . . .      SeeInvis .   z - +1 short sword (venom)
rCold   . . .      Faith    .   c - +0 buckler
rNeg    . . .      Spirit   .   t - +2 plate armour
rPois   .          Reflect  .   r - +1 helmet
rElec   .          Harm     .   o - +0 cloak
rCorr   .          Rampage  .   P - +0 pair of gloves
Will    .....                   k - +0 pair of boots
Stlth   ..........              (no amulet)
HPRegen 0.24/turn               m - +4 ring of slaying
MPRegen 0.12/turn               x - +4 ring of slaying

@: no status effects
A: demonic guardian 3, sharp scales 2, weakness stinger 2
a: Renounce Religion, Berserk, Trog's Hand, Brothers in Arms


You were on level 12 of the Dungeon.
You worshipped Trog.
Trog was greatly pleased with you.
You visited 2 branches of the dungeon, and saw 13 of its levels.

You collected 908 gold pieces.

Inventory:

Hand Weapons
 f - a +3 dagger of freezing
 j - a +3 short sword
 l - a +5 mace
 p - a +5 halberd
 q - a +2 mace
 u - a +0 whip of flaming
 v - a +1 halberd of flaming
 y - a +1 vorpal halberd
 z - a +1 short sword of venom (weapon)
 D - a +4 falchion
 G - a +1 morningstar of freezing
 J - a +5 battleaxe of flaming
 K - a +3 scimitar
 M - a +2 dagger of chaos
 O - a +7 great sword of freezing
 Q - a +0 glaive
 R - a +2 trident of freezing
Missiles
 d - 14 boomerangs (quivered)
 i - 106 stones
Armour
 c - a +0 buckler (worn)
 k - a +0 pair of boots (worn)
 o - a +0 cloak (worn)
 r - a +1 helmet (worn)
 t - a +2 plate armour (worn)
 F - +0 swamp dragon scales
 P - a +0 pair of gloves (worn)
 S - +0 acid dragon scales
Jewellery
 h - a ring of protection from cold
 m - a +4 ring of slaying (left hand)
 x - a +4 ring of slaying (right hand)
 H - a ring of poison resistance
Wands
 g - a wand of light (5)
 A - a wand of flame (8)
 L - a wand of mindburst (6)
Scrolls
 T - a scroll of fear
Potions
 a - 10 potions of degeneration
 b - 3 potions of brilliance
 s - 2 potions of attraction
 w - a potion of heal wounds {unknown}
 C - a potion of magic
 E - 2 potions of mutation
Miscellaneous
 e - a condenser vane (inert)


   Skills:
 + Level 7.4 Fighting
 + Level 8.9(9.4) Short Blades
 + Level 4.3(7.1) Long Blades
 + Level 5.0 Maces & Flails
 + Level 11.0 Armour
 + Level 1.3 Dodging
 + Level 2.5 Stealth
 + Level 7.0 Shields
 + Level 1.1 Evocations


You had 10 spell levels left.
You didn't know any spells.
Your spell library contained the following spells:

 Spells                   Type           Power      Damage    Failure   Level
 Freeze                   Ice            0%         1d3       100%        1
 Sublimation of Blood     Necr           0%         N/A       100%        2
 Wereblood                Tmut           0%         N/A       100%        2
 Frozen Ramparts          Ice            0%         1d1       100%        3
 Hailstorm                Conj/Ice       0%         3d3       100%        4
 Blade Hands              Tmut           0%         N/A       100%        5
 Irradiate                Conj/Tmut      0%         3d11      100%        5
 Dragon Form              Tmut           0%         N/A       100%        7
 Summon Hydra             Summ           0%         N/A       100%        7


Dungeon Overview and Level Annotations

Branches:
Dungeon (12/15)            Temple (1/1) D:4            Lair (0/5) D:9
    Orc (0/2) D:11

Altars:
Ashenzari
Cheibriados
Dithmenos
Fedhas
Gozag
Hepliaklqana
Kikubaaqudgha
Makhleb
Nemelex Xobeh
Okawaru
Qazlal
Ru
Sif Muna
Trog
Uskayaw
Vehumet
Wu Jian
Xom
Yredelemnul

Shops:
D:5 [

Annotations:
D:12 Azrael
Abyss:1 Edmund


Innate Abilities, Weirdness & Mutations

A powerful demonic guardian rushes to your aid.
You are mostly covered in razor-sharp scales. (AC +2, Slay +2)
You have a tail ending in a sharp stinger.


Message History

You completely miss the fire elemental.
The fire elemental is almost destroyed.
The fire elemental hits you. The fire elemental burns you!
* * * LOW HITPOINT WARNING * * *
A demonic guardian appears!
The fire elemental barely misses you.
You feel better. The fire elemental hits you. The fire elemental burns you!
* * * LOW HITPOINT WARNING * * *
The fire elemental completely misses you.
The fire elemental hits you.
* * * LOW HITPOINT WARNING * * *
The fire elemental burns you!
* * * LOW HITPOINT WARNING * * *
Your sixfirhy hits the fire elemental!
The fire elemental is destroyed!
Trog accepts your kill. You block the fire elemental's attack.
Your sixfirhy barely misses the fire elemental. x2
Your sixfirhy hits the fire elemental.
Your sixfirhy shocks the fire elemental.
The fire elemental resists.
The orc priest barely misses your sixfirhy.
Your sixfirhy hits the fire elemental!
Your sixfirhy shocks the fire elemental.
The fire elemental resists.
You hit the fire elemental.
The fire elemental is lightly damaged.
Your sixfirhy hits the fire elemental!
Your sixfirhy shocks the fire elemental.
The fire elemental resists.
The fire elemental is destroyed!
Trog accepts your kill. The fire elemental hits you.
The fire elemental burns you!
* * * LOW HITPOINT WARNING * * *
The orc priest misses your sixfirhy.
As you read the scroll of fog, it crumbles to dust.
The scroll dissolves into smoke.
The fire elemental barely misses you.
The orc priest hits your sixfirhy with a +0 club.
An orc wizard comes into view. It is wielding a +0 dagger.
The fire elemental hits you. The fire elemental burns you!
You die...

###'##### ###.# #####
#...†...#### #...#
#.... #.......'..##
####.### #....
#.......##..###.....#
#....
#.......###...#.....###
#.... #.......#
###.#.......### #....
#.......#
#.#§§§..#...#####....
#.......#
#.§§§§§.###.....†..[.
#.......# ###§@§..#
#######.... ###+#####
#§E§§.# #.... #°3○..#
##### ##o..## ..###
.... ...R. ...☼o ...○..


You could see Azrael, a fire elemental (ally target), an orc priest, an orc
wizard (distracted) and a friendly sixfirhy (summoned).

Vanquished Creatures
  Erica (D:8)
  A two-headed ogre (D:10)
  The ghost of Thatpatchoflichen the Fighter, a novice HOGl of Uskayaw (D:6)
  An ugly thing (D:11)
  A gargoyle (D:11)
  An unseen horror (D:11)
  2 komodo dragons
  Psyche (D:8)
  A queen bee (D:10)
  3 trolls
  Grinder (D:5)
  Sigmund (D:5)
  A shadow (D:10)
  10 yaks (D:9)
  A wyvern (D:9)
  A fire elemental (D:12)
  A hog (shapeshifter) (D:9)
  A steam dragon (D:7)
  4 water moccasins
  4 acid dragons
  2 orc warriors
  A sky beast (D:7)
  A swamp drake (D:11)
  4 centaurs
  An ogre (D:11)
  A phantom (D:6)
  3 bullfrogs
  A necrophage (D:6)
  A scorpion (D:5)
  10 wights
  18 killer bees
  4 howler monkeys
  4 hounds (D:5)
  5 jellies
  6 orc priests
  2 gnoll boudas
  3 iguanas
  24 orc wizards
  Robin (D:2)
  13 gnolls
  8 adders
  A shadow imp (D:7)
  A white imp (D:8)
  A dart slug (D:1)
  57 orcs
  4 ball pythons
  7 bats
  5 endoplasms
  A giant cockroach (D:1)
  17 goblins
  8 hobgoblins
  2 jackals (D:4)
  3 quokkas
  6 frilled lizards
  9 kobolds
  7 rats
280 creatures vanquished.

Vanquished Creatures (collateral kills)
  A hydra (D:9)
  Pikel (D:8)
  An ugly thing (D:11)
  An elephant (D:9)
  Maggie (D:8)
  2 fire elementals (D:12)
  An acid dragon (D:9)
  3 black bears
  An ogre (D:11)
  A centaur (D:11)
  3 lemures (D:8)
  3 wights
  2 killer bees (D:9)
  Ijyb (D:3)
  2 orc wizards (D:11)
  2 gnolls (D:7)
  5 orcs
  A ball python (D:2)
  A jackal (D:4)
33 creatures vanquished.

Vanquished Creatures (others)
  An orc wizard (D:6)
  A gnoll (D:7)
  A fungus (D:9)
  2 plants (D:9)
5 creatures vanquished.

Grand Total: 318 creatures vanquished

Notes
Turn   | Place    | Note
-------+----------+-------------------------------------------
     0 | D:1      | ReaperWolf26 the Demonspawn Fighter began the quest for the
                  | Orb.
     0 | D:1      | Reached XP level 1. HP: 18/18 MP: 1/1
   383 | D:1      | Gained mutation: A weak demonic guardian rushes to your
                  | aid. [demonic ancestry]
   383 | D:1      | Reached XP level 2. HP: 18/24 MP: 2/2
   707 | D:1      | Reached skill level 3 in Armour
   817 | D:1      | Gained mutation: A demonic guardian rushes to your aid.
                  | [demonic ancestry]
   817 | D:1      | Reached XP level 3. HP: 23/29 MP: 3/3
  1476 | D:2      | Noticed Robin
  1480 | D:2      | Killed Robin
  1489 | D:2      | Reached skill level 1 in Short Blades
  2448 | D:2      | Gained mutation: You are partially covered in razor-sharp
                  | scales. (AC +1, Slay +1) [demonic ancestry]
  2448 | D:2      | Reached XP level 4. HP: 34/35 MP: 4/4
  3042 | D:3      | Noticed Ijyb
  3057 | D:3      | Killed Ijyb
  3062 | D:3      | Gained mutation: You are mostly covered in razor-sharp
                  | scales. (AC +2, Slay +2) [demonic ancestry]
  3062 | D:3      | Reached XP level 5. HP: 23/41 MP: 5/5
  3669 | D:4      | Found a staircase to the Ecumenical Temple.
  3853 | Temple   | Entered the Ecumenical Temple
  3966 | Temple   | Became a worshipper of Trog the Wrathful
  4000 | D:4      | Found a snail-covered altar of Cheibriados.
  4032 | D:4      | Reached XP level 6. HP: 47/47 MP: 6/6
  4307 | D:4      | Reached skill level 4 in Armour
  4579 | D:4      | Reached * piety under Trog
  4586 | D:4      | Found an iron altar of Okawaru.
  4718 | D:5      | Entered Level 5 of the Dungeon
  5055 | D:5      | Found a blossoming altar of Fedhas.
  5089 | D:5      | Noticed Edmund
  5095 | D:5      | Banished Edmund
  5096 | D:5      | Gained mutation: A powerful demonic guardian rushes to your
                  | aid. [demonic ancestry]
  5096 | D:5      | Reached XP level 7. HP: 53/53 MP: 7/7
  5172 | D:5      | Reached skill level 1 in Stealth
  5534 | D:5      | Noticed Sigmund
  5544 | D:5      | Killed Sigmund
  5545 | D:5      | Reached skill level 5 in Armour
  5643 | D:5      | Found Jisch's Armour Emporium.
  5926 | D:5      | Found a radiant altar of Vehumet.
  5935 | D:5      | Found an ancient bone altar of Kikubaaqudgha.
  5938 | D:5      | Reached XP level 8. HP: 60/60 MP: 8/8
  5943 | D:5      | Found a shimmering blue altar of Sif Muna.
  6201 | D:5      | Reached skill level 5 in Short Blades
  6581 | D:5      | Noticed Grinder
  6586 | D:5      | Paralysed by Grinder for 5 turns
  6602 | D:5      | Killed Grinder
  6602 | D:5      | Reached ** piety under Trog
  6603 | D:5      | Reached skill level 1 in Dodging
  6818 | D:6      | Reached skill level 6 in Armour
  6821 | D:6      | Reached skill level 5 in Shields
  7140 | D:6      | Found a runed translucent door.
  7151 | D:6      | Noticed Thatpatchoflichen's ghost (novice HOGl)
  7165 | D:6      | Killed Thatpatchoflichen's ghost
  7166 | D:6      | Reached skill level 5 in Fighting
  7166 | D:6      | Gained mutation: You have a small tail. [demonic ancestry]
  7166 | D:6      | Reached XP level 9. HP: 44/68 MP: 9/9
  7691 | D:6      | Reached skill level 7 in Armour
  7971 | D:6      | Found a hazy altar of Hepliaklqana.
  8694 | D:7      | HP: 1/68 [steam dragon/ball of steam (13)]
  8708 | D:7      | Reached *** piety under Trog
  9462 | D:7      | Reached skill level 8 in Armour
  9817 | D:8      | Reached skill level 1 in Maces & Flails
 10183 | D:8      | Reached XP level 10. HP: 75/76 MP: 10/10
 10483 | D:8      | Noticed Psyche
 10490 | D:8      | Killed Psyche
 10498 | D:8      | Noticed Erica
 10502 | D:8      | Noticed Maggie
 10508 | D:8      | Noticed Pikel
 10510 | D:8      | Killed Maggie
 10512 | D:8      | Killed Erica
 10536 | D:8      | Killed Pikel
 11111 | D:8      | Reached **** piety under Trog
 11270 | D:9      | Noticed a five-headed hydra
 11418 | D:9      | Killed a nine-headed hydra
 11880 | D:9      | Reached skill level 9 in Armour
 11880 | D:9      | Noticed an elephant
 11902 | D:9      | Killed an elephant
 11903 | D:9      | Reached skill level 5 in Maces & Flails
 11903 | D:9      | Gained mutation: You have a tail ending in a sharp stinger.
                  | [demonic ancestry]
 11903 | D:9      | Reached XP level 11. HP: 36/83 MP: 11/11
 11908 | D:9      | Found a staircase to the Lair.
 12443 | D:9      | Was placed under penance by Trog
 12445 | D:9      | HP: 5/124 [poisoned by a killer bee]
 13202 | D:10     | Entered Level 10 of the Dungeon
 13574 | D:10     | Noticed a two-headed ogre
 13582 | D:10     | Killed a two-headed ogre
 13870 | D:10     | Was forgiven by Trog
 13871 | D:10     | Reached skill level 10 in Armour
 14769 | D:11     | Found a staircase to the Orcish Mines.
 14988 | D:11     | Noticed a white ugly thing
 15002 | D:11     | Killed a white ugly thing
 15820 | D:11     | Noticed a red ugly thing
 15828 | D:11     | Killed a red ugly thing
 16351 | D:11     | Noticed a two-headed ogre
 16874 | D:12     | Reached skill level 1 in Evocations
 16904 | D:12     | Reached skill level 11 in Armour
 16919 | D:12     | Noticed Azrael
 16920 | D:12     | Noticed a boulder beetle
 16939 | D:12     | Mangled by a fire elemental

Illustrated notes

Levels and vault maps discovered:
D:1:      dpeg_arrival_long_road, layout_basic, reono_crystal_passage
D:2:      layout_loops_ring, minmay_misc_feat_cross, dreamdust_princess_bridge,
          uniq_robin
D:3:      layout_basic, uniq_ijyb
D:4:      layout_rooms, marbit_many_paths, cheibriados_altar_1,
          minmay_temple_entry_tees
D:5:      layout_gridville, palyth_temple_overflow_mages,
          nicolae_overflow_crystal_walls, serial_shops,
          nicolae_shop_window_shopping, st_stairs_12, minmay_misc_feat_columns,
          uniq_grinder, uniq_edmund, uniq_sigmund
D:6:      minmay_flawed_box, layout_rooms, mainiacjoe_overflow_paths,
          ebering_ghost_reflecting_pool
D:7:      layout_rooms
D:8:      layout_basic, uniq_erica, uniq_pikel, uniq_psyche, uniq_maggie
D:9:      layout_roguey, overflow_temple_1_default, david_lair_generic,
          nicolae_concentric_dashed_squares_mild
D:10:     layout_roguey, minivault_7
D:11:     layout_roguey, erik_orc_1, gauntlet_entry_generic
D:12:     layout_roguey, uniq_azrael
Temple:   nicolae_temple_ecumenical_triangle

Skill      XL: |  1  2  3  4  5  6  7  8  9 10 11 |
---------------+----------------------------------+-----
Shields        | 3 4 5 6 7 |  7.0
Armour         | 3 4 5 6 8 9 11 | 11.0
Long Blades    | 2 3 4 |  4.3
Short Blades   | 1 2 3 4 6 7 8 |  8.9
Fighting       | 4 5 6 7 |  7.4
Stealth        | 1 2 |  2.5
Dodging        | 1 |  1.3
Maces & Flails | 1 5 |  5.0
Evocations     | 1 |  1.1

Action                   |  1- 3 |  4- 6 |  7- 9 | 10-12 || total
-------------------------+-------+-------+-------+-------++-------
Melee: Long sword        |    11 |       |       |       ||    11
       Dagger            |    90 |   125 |   206 |       ||   421
       Morningstar       |       |       |    36 |    30 ||    66
       Tailslap          |       |       |    13 |    69 ||    82
       Great sword       |       |       |       |    22 ||    22
       Short sword       |       |       |       |   299 ||   299
Evoke: Wand              |       |       |     3 |    10 ||    13
       Condenser vane    |       |       |       |     1 ||     1
  Use: Scroll            |     6 |     8 |     7 |    20 ||    41
       Potion            |       |     3 |     7 |    13 ||    23
 Stab: Distracted        |       |       |     1 |       ||     1
Armor: Scale mail        |    42 |    14 |       |       ||    56
       Plate armour      |       |    70 |   177 |   284 ||   531
Dodge: Dodged            |    35 |    26 |    51 |    88 ||   200
Block: Buckler           |    20 |    20 |    52 |    93 ||   185
